 Dungeon Crawl Stone Soup version 0.28.0-53-g5a82cb258f (webtiles) character file.

Game seed: 2592105573277809994

1969 Plasmagod the Cleaver (level 9, -1/78 HPs)
             Began as a Hill Orc Fighter on July 20, 2022.
             Slain by a gnoll sergeant
             ... wielding a +5 vorpal spear
              (2 damage)
             ... on level 6 of the Dungeon.
             The game lasted 00:08:27 (5100 turns).

Plasmagod the Cleaver (Hill Orc Fighter)            Turns: 5100, Time: 00:08:28

Health: -1/78      AC: 18    Str: 27    XL:     9   Next: 20%
Magic:  9/9        EV: 10    Int:  8    God:
Gold:   156        SH:  5    Dex: 12    Spells: 8/8 levels left

rFire   + . .      SeeInvis .   a - +0 war axe
rCold   . . .      Faith    .   c - +0 buckler
rNeg    . . .      Spirit   .   C - +4 scale mail {rF+}
rPois   .          Reflect  .   (no helmet)
rElec   .          Harm     .   (no cloak)
rCorr   .          Rampage  .   r - +0 pair of gloves
Will    .....                   y - +0 pair of boots
Stlth   ..........              (no amulet)
HPRegen 0.23/turn               v - +6 ring of strength
MPRegen 0.11/turn               p - +4 ring of protection

@: mighty
A: no striking features
a: no special abilities


You were on level 6 of the Dungeon.
You visited 1 branch of the dungeon, and saw 6 of its levels.

You collected 156 gold pieces.

Inventory:

Hand Weapons
 a - a +0 war axe (weapon)
Armour
 c - a +0 buckler (worn)
 r - a +0 pair of gloves (worn)
 s - a +0 plate armour
 y - a +0 pair of boots (worn)
 C - a +4 scale mail of fire resistance (worn)
Jewellery
 o - a ring of flight
 p - a +4 ring of protection (right hand)
 v - a +6 ring of strength (left hand)
 x - a +6 ring of intelligence
Wands
 u - a wand of charming (2)
 A - a wand of mindburst (16)
 D - a wand of flame (8)
Scrolls
 e - 2 scrolls of fear {unknown}
 g - 3 scrolls of fog {unknown}
 h - 8 scrolls of identify {unknown}
 i - a scroll of brand weapon {unknown}
 k - a scroll of blinking {unknown}
 l - a scroll of amnesia {unknown}
 n - 2 scrolls of enchant weapon {unknown}
 q - a scroll of magic mapping {unknown}
 t - a scroll of immolation {unknown}
 w - a scroll of enchant armour {unknown}
 B - a scroll of holy word {unknown}
Potions
 b - a potion of haste {unknown}
 f - 2 potions of attraction {unknown}
 j - a potion of brilliance {unknown}
 m - 2 potions of magic {unknown}
 z - a potion of curing {unknown}


   Skills:
 + Level 6.9 Fighting
 + Level 11.1 Axes
 + Level 6.4 Armour
 + Level 1.4 Dodging
 + Level 0.6 Stealth
 + Level 5.0 Shields


You had 8 spell levels left.
You didn't know any spells.
Your spell library contained the following spells:

 Spells                   Type           Power      Damage    Failure   Level
 Blink                    Tloc           0%         N/A       87%         2
 Scorch                   Fire           0%         2d5       87%         2
 Conjure Flame            Conj/Fire      0%         6-21      98%         3
 Ignite Poison            Fire/Tmut/Pois 0%         N/A       98%         3
 Lesser Beckoning         Tloc           0%         N/A       98%         3
 Flame Wave               Conj/Fire      0%         2d4       100%        4
 Sticky Flame             Conj/Fire      0%         2d3       100%        4
 Manifold Assault         Tloc           0%         N/A       100%        5
 Summon Cactus Giant      Summ           0%         N/A       100%        6


Dungeon Overview and Level Annotations

Branches:
Dungeon (6/15)
 Temple: D:4-7

Altars:
Sif Muna
Yredelemnul

Annotations:
D:6 2 transporters, yustus's ghost, novice HuCA


Message History

You feel very mighty all of a sudden. The gnoll sergeant barely misses you.
The gnoll sergeant hits you but does no damage. x2
You slash the gnoll sergeant!
You kill the gnoll sergeant!
You block the gnoll sergeant's attack.
The gnoll sergeant hits you from afar with a +5 vorpal spear.
You slash the gnoll!
The gnoll is almost dead.
The gnoll closely misses you.
The gnoll sergeant hits you but does no damage.
The gnoll sergeant hits you from afar with a +5 vorpal spear!
The gnoll sergeant completely misses you.
You closely miss the gnoll.
The gnoll is almost dead.
The gnoll hits you with a +0 flail.
The gnoll sergeant hits you from afar with a +5 vorpal spear!
* * * LOW HITPOINT WARNING * * *
The gnoll sergeant closely misses you. You block the gnoll sergeant's attack.
You slash the gnoll!
You kill the gnoll!
The gnoll sergeant closely misses you.
The gnoll sergeant hits you but does no damage.
The gnoll sergeant hits you from afar with a +0 spear.
* * * LOW HITPOINT WARNING * * *
The gnoll sergeant hits you from afar with a +0 trident!
* * * LOW HITPOINT WARNING * * *
The gnoll sergeant hits you but does no damage.
The gnoll sergeant barely misses you. You block the gnoll sergeant's attack.
Items here: )) [[ †.
You slash the gnoll sergeant!
The gnoll sergeant is heavily wounded.
You hit the gnoll sergeant but do no damage.
The gnoll sergeant blocks your attack.
The gnoll sergeant hits you with a +0 spear.
* * * LOW HITPOINT WARNING * * *
The gnoll sergeant hits you but does no damage.
The gnoll sergeant hits you with a +5 vorpal spear!
* * * LOW HITPOINT WARNING * * *
You die... ## ############### .###### #.............# ......# #.##.########.# .####.###### ♣.♣ #.# ....)......> ♣@♣ #.# ####).###### ♣ggg♣ #.# # #..##### ♣ggZ♣

#.# ####..#...# ..... #.#
..........# ♣.♣..)♣ #.##
...#..#...# ....♣.. ###..#
...#......# )........ #.##.#
.........<#♣.###+###.♣#.##.#
...###.#.## #.##.#


You could see 4 gnoll sergeants, a gnoll and a bullfrog skeleton.

Vanquished Creatures
  Grinder (D:5)
  3 yaks (D:5)
  Eustachio (D:5)
  Duvessa (D:6)
  2 ogres
  A centaur (D:4)
  A water moccasin zombie (D:5)
  3 scorpions
  A gnoll sergeant (D:6)
  2 water moccasin skeletons (D:4)
  Dowan (D:6)
  A bullfrog zombie (D:5)
  A centaur zombie (D:6)
  A bullfrog skeleton (D:5)
  2 hounds
  Crazy Yiuf (D:5)
  2 iguanas
  A howler monkey zombie (D:5)
  A gnoll (D:6)
  6 adders
  A shadow imp (D:6)
  An ufetubus (D:4)
  A worm (D:2)
  5 dart slugs
  2 orcs
  7 bats
  15 endoplasms
  3 giant cockroaches
  8 goblins
  7 hobgoblins
  5 jackals
  10 kobolds
  4 quokkas
  8 ball pythons
  2 frilled lizards
  6 rats
118 creatures vanquished.

Vanquished Creatures (others)
  A fungus (D:5)
  5 plants
6 creatures vanquished.

Grand Total: 124 creatures vanquished

Notes
Turn   | Place    | Note
-------+----------+-------------------------------------------
     0 | D:1      | Plasmagod the Hill Orc Fighter began the quest for the Orb.
     0 | D:1      | Reached XP level 1. HP: 19/19 MP: 1/1
    63 | D:1      | You fall into a shaft and drop 1 floor!
    83 | D:2      | Reached XP level 2. HP: 24/27 MP: 2/2
   181 | D:1      | Reached skill level 3 in Axes
   216 | D:1      | Reached XP level 3. HP: 25/33 MP: 3/3
   747 | D:2      | Reached skill level 4 in Axes
   840 | D:2      | Reached XP level 4. HP: 40/40 MP: 4/4
  1141 | D:3      | Found a faded altar of an unknown god.
  1976 | D:4      | Reached skill level 5 in Axes
  1976 | D:4      | Reached XP level 5. HP: 46/47 MP: 5/5
  2212 | D:4      | Reached skill level 1 in Dodging
  2212 | D:4      | Reached XP level 6. HP: 53/53 MP: 6/6
  2385 | D:4      | Reached skill level 6 in Axes
  2773 | D:4      | Reached XP level 7. HP: 38/60 MP: 7/7
  3119 | D:5      | Entered Level 5 of the Dungeon
  3129 | D:5      | Reached skill level 5 in Fighting
  3146 | D:5      | Reached skill level 7 in Axes
  3297 | D:5      | Found a shimmering blue altar of Sif Muna.
  3297 | D:5      | Noticed a yak
  3297 | D:5      | Noticed a yak
  3297 | D:5      | Noticed a yak
  3305 | D:5      | Killed a yak
  3306 | D:5      | Reached skill level 8 in Axes
  3306 | D:5      | Reached skill level 5 in Armour
  3317 | D:5      | Killed a yak
  3318 | D:5      | Reached XP level 8. HP: 39/70 MP: 8/8
  3325 | D:5      | Killed a yak
  3326 | D:5      | Reached skill level 9 in Axes
  3603 | D:5      | Identified the +0 ring mail "Zefroxt" {rF+++ Str-5 Int+3
                  | Stlth+}
  3719 | D:5      | Noticed Grinder
  3729 | D:5      | Killed Grinder
  3786 | D:5      | Noticed Eustachio
  3829 | D:5      | Killed Eustachio
  3830 | D:5      | Reached skill level 10 in Axes
  4225 | D:5      | Found a runed translucent door.
  4226 | D:5      | Noticed Crazy Yiuf
  4415 | D:5      | Killed Crazy Yiuf
  4584 | D:6      | Found a basalt altar of Yredelemnul.
  4628 | D:6      | Found a transporter.
  4628 | D:6      | Found a transporter.
  4628 | D:6      | Identified the +6 great mace "Gaeluj" {flame, rF++ MP+9
                  | Dex-4}
  4628 | D:6      | Identified the +4 great mace of Zoqe {protect, rF+ rCorr
                  | Str-2 Int+3}
  4628 | D:6      | Noticed a two-headed ogre
  4628 | D:6      | Noticed yustus's ghost (novice HuCA)
  4673 | D:6      | Reached skill level 5 in Shields
  4673 | D:6      | Reached XP level 9. HP: 78/78 MP: 9/9
  4690 | D:6      | Noticed Duvessa
  4690 | D:6      | Noticed Dowan
  4700 | D:6      | Killed Dowan
  4701 | D:6      | Killed Duvessa
  4702 | D:6      | Reached skill level 11 in Axes
  5100 | D:6      | HP: 1/78 [gnoll sergeant/+5 vorpal spear (7)]
  5100 | D:6      | Slain by a gnoll sergeant

Illustrated notes

Levels and vault maps discovered:
D:1:      eino_arrival_water_cross, layout_rooms, grunt_decor_cap
D:2:      layout_rooms
D:3:      layout_loops_ring, shapermc_ecumenical_altar_venn,
          chequers_decorated_corner, minmay_misc_feat_room
D:4:      layout_loops_ring
D:5:      layout_rooms, nicolae_sif_muna_little_library, uniq_eustachio,
          uniq_grinder, uniq_crazy_yiuf_cottage
D:6:      layout_loops_ring, mainiacjoe_overflow_catwalk,
          mainiacjoe_overflow_boulevard, zin_statuary,
          amethyst_overflow_temple_binary, gammafunk_ghost_smash,
          minmay_stone_trees_small, minmay_door_square,
          pf_guarded_unrand_woodcutter, uniq_duvessa

Skill      XL: |  1  2  3  4  5  6  7  8  9 |
---------------+----------------------------+-----
Fighting       | 4 5 6 |  6.9
Axes           | 3 4 5 6 8 10 11 | 11.1
Armour         | 4 5 6 |  6.4
Dodging        | 1 |  1.4
Shields        | 4 5 |  5.0
Stealth        | |  0.6

Action                   |  1- 3 |  4- 6 |  7- 9 || total
-------------------------+-------+-------+-------++-------
Melee: War axe           |    93 |   131 |   171 ||   395
  Use: Potion            |       |       |     1 ||     1
Armor: Scale mail        |    47 |    37 |     9 ||    93
       Plate armour      |       |    43 |   112 ||   155
Dodge: Dodged            |    60 |    52 |    69 ||   181
Block: Buckler           |    30 |    34 |    47 ||   111
